 Dungeon Crawl Stone Soup version 0.31-a0-4-gefa6de2278 (webtiles) character file.

Game seed: 6439429544151818887

4 subawu the Magician (level 1, -9/14 HPs)
             Began as an Armataur Hedge Wizard on May 4, 2023.
             Mangled by a gnoll
             ... wielding a +4 flail
              (11 damage)
             ... on level 1 of the Dungeon.
             The game lasted 00:00:19 (65 turns).

subawu the Magician (Armataur Hedge Wizard)           Turns: 65, Time: 00:00:20

Health: -9/14      AC:  5    Str: 15    XL:     1   Next: 50%
Magic:  4/4        EV:  9    Int: 14    God:
Gold:   0          SH:  0    Dex:  9    Spells: 4/5 levels left

rFire   . . .        a - +0 dagger
rCold   . . .        (no shield)
rNeg    . . .        b - +0 robe
rPois   .            e - +0 helmet
rElec   .            (no cloak)
rCorr   .            (no gloves)
SInv    .            (no barding)
Will    .....        (no amulet)
Stlth   ++           (no ring)
HPRegen 0.22/turn    (no ring)
MPRegen 0.09/turn

%: roll
@: no status effects
A: large, rugged brown scales 3, deformed body, armoured tail, roll, long
tongue, awkward tongue
a: no special abilities


You were on level 1 of the Dungeon.
You visited 1 branch of the dungeon, and saw 1 of its levels.

Inventory:

Hand Weapons
 a - a +0 dagger (weapon)
Armour
 b - a +0 robe (worn)
 c - a +0 hat
 e - a +0 helmet (worn)
Potions
 d - a potion of magic


   Skills:
 + Level 0.6 Short Blades
 + Level 1.5 Dodging
 + Level 2.1 Stealth
 + Level 2.6 Spellcasting
 + Level 0.8 Conjurations
 + Level 0.7 Summonings
 + Level 1.0 Translocations


You had 4 spell levels left.
You knew the following spells:

 Your Spells              Type           Power      Damage    Failure   Level
a - Magic Dart            Conj           16%        1d3       16%         1

Your spell library contained the following spells:

 Spells                   Type           Power      Damage    Failure   Level
 Slow                     Hex            4%         N/A       22%         1
 Blink                    Tloc           8%         N/A       22%         2
 Call Imp                 Summ           6%         N/A       26%         2
 Cigotuvi's Dreadful Rot  Necr/Pois/Air  2%         N/A       32%         2
 Call Canine Familiar     Summ           3%         N/A       45%         3
 Portal Projectile        Hex/Tloc       6%         N/A       47%         3
 Mephitic Cloud           Conj/Pois/Air  2%         N/A       52%         3
 Leda's Liquefaction      Hex/Erth       0%         N/A       91%         4


Dungeon Overview and Level Annotations

Branches:
Dungeon (1/15)

Altars:


Innate Abilities, Weirdness & Mutations

You are completely covered in rugged brown scales. (AC +3, +7% HP)
Armour fits poorly on your strangely shaped body.
You have a long armoured tail.
You roll when moving toward enemies. (Rampage)
Your long tongue fully drains potion bottles. (2x potion effects)
Your tongue gives you trouble enunciating. (1.5x scroll delay)


Message History

You hit the quokka but do no damage.
The quokka bites you but does no damage.
You hit the quokka.
Your tail-slap misses the quokka.
The quokka is moderately wounded.
The quokka closely misses you.
You barely miss the quokka. You tail-slap the quokka.
The quokka is severely wounded.
The quokka bites you but does no damage.
You barely miss the quokka.
Your tail-slap misses the quokka.
The quokka is severely wounded.
The quokka bites you.
You hit the quokka but do no damage.
The quokka is severely wounded.
The quokka bites you. The quokka closely misses you.
You hit the quokka. You tail-slap the quokka.
You kill the quokka!
You see here a quokka corpse.
A goblin comes into view. It is wielding a +0 club.
A gnoll comes into view. It is wielding a +4 flail.
The gnoll shouts!
You roll towards the gnoll!
The goblin shouts!
You hit the gnoll.
The gnoll is lightly wounded.
The gnoll hits you with a +4 flail.
A hobgoblin comes into view.
You closely miss the gnoll.
The gnoll is lightly wounded.
The gnoll misses you.
You barely miss the gnoll.
The gnoll is lightly wounded.
The hobgoblin shouts!
The gnoll hits you with a +4 flail!
Ouch! That really hurt!
* * * LOW HITPOINT WARNING * * *
You hit the gnoll but do no damage. You tail-slap the gnoll.
The gnoll is moderately wounded.
The gnoll hits you with a +4 flail!
Ouch! That really hurt!
You die...

#...### # .....#
.##.g#.## .......#
#.....# #.#
#.....# #.#
#.g...# #.#
#.@...# #.#
##...## #.# #g#.#
#.#
#.#.############.#
#.....†...........
#.######.#####.###
#.# #.# #.# ..#
#.# #.# .. ..# #.#


You could see a gnoll, a hobgoblin and a goblin.

Vanquished Creatures
  A dart slug (D:1)
  A quokka (D:1)
2 creatures vanquished.

Notes
Turn   | Place    | Note
-------+----------+-------------------------------------------
     0 | D:1      | subawu the Armataur Hedge Wizard began the quest for the
                  | Orb.
     0 | D:1      | Reached XP level 1. HP: 14/14 MP: 4/4
    65 | D:1      | Mangled by a gnoll

Illustrated notes

Levels and vault maps discovered:
D:1:      dpeg_arrival_tiny_a, layout_loops_ring, minmay_pentomino_x4

Action                     || total
---------------------------++-------
  Melee: Dagger            ||    16
         Tailslap          ||     5
         Punch             ||     1
 Armour: Robe              ||     5
  Dodge: Dodged            ||     8

Table legend: (Time is in decaauts)
 A = Elapsed time spent in this place.
 B = Non-inter-level travel time spent in this place.
 C = Inter-level travel time spent in this place.
 D = Time resting spent in this place.
 E = Time spent auto-exploring this place.
 F = Levels seen in this place.
 G = Mean time per level.
                   A        B        C        D        E       F      G
               +--------+--------+--------+--------+--------+-----+--------+
         Total |     64 |     64 |      0 |      0 |      0 |   1 |   64.0 |
       Dungeon |     64 |     64 |      0 |      0 |      0 |   1 |   64.0 |
               +--------+--------+--------+--------+--------+-----+--------+

Top non-repeatable levels by time:
     D:1: 64 daAuts
